 Dungeon Crawl Stone Soup version 0.23-a0-690-g0a1fc62 (webtiles) character file.

179 Borgoz the Sneak (level 5, 0/36 HPs)
             Began as a Halfling Assassin on Jan 7, 2019.
             Slain by an orc
             ... wielding a +0 mace
              (2 damage)
             ... on level 3 of the Dungeon on Jan 11, 2019.
             The game lasted 00:05:09 (2694 turns).

Borgoz the Sneak (Halfling Assassin)                Turns: 2694, Time: 00:05:10

Health: 0/36       AC:  4    Str: 12    XL:     5   Next: 90%
Magic:  5/5        EV: 21    Int: 14    God:
Gold:   114        SH:  0    Dex: 22    Spells: 4/4 levels left

rFire    . . .     SeeInvis .   a - +2 dagger
rCold    . . .     Gourm    .   (shield restricted)
rNeg     . . .     Faith    .   c - +1 robe
rPois    +         Spirit   .   (no helmet)
rElec    .         Reflect  .   d - +0 cloak
rCorr    .         Harm     .   (no gloves)
MR       .....                  (no boots)
Stlth    ++++......             (no amulet)
HPRegen  0.12/turn              k - ring of poison resistance
MPRegen  0.09/turn              (no ring)

@: brilliant, agile
A: small, mutation resistance 1
a: no special abilities


You were on level 3 of the Dungeon.
You were not hungry.

You visited 1 branch of the dungeon, and saw 4 of its levels.

You collected 114 gold pieces.

Inventory:

Hand Weapons
 a - a +2 dagger (weapon)
 b - a +0 blowgun
Missiles
 e - 8 poisoned needles
 f - 2 curare-tipped needles
Armour
 c - a +1 robe (worn)
 d - a +0 cloak (worn)
Jewellery
 k - a ring of poison resistance (left hand)
Scrolls
 h - 2 scrolls of random uselessness {unknown}
 i - 2 scrolls of identify
 m - 2 scrolls of magic mapping
 o - a scroll of remove curse
 p - a scroll of noise {unknown}
 q - a scroll of teleportation {unknown}
 r - a scroll of amnesia {unknown}
 s - a scroll of fear {unknown}
 u - a scroll of immolation {unknown}
 v - a scroll of enchant weapon {unknown}
Potions
 n - a potion of might
Comestibles
 g - 5 rations
 t - a chunk of flesh


   Skills:
 + Level 2.9 Fighting
 + Level 3.9 Short Blades
 - Level 2.0 Throwing
 + Level 3.0 Dodging
 + Level 5.4 Stealth


You had 4 spell levels left.
You didn't know any spells.
Your spell library contained the following spells:

 Spells                   Type           Power        Failure   Level  Hunger
 Confusing Touch          Hex            #.....       3%          1    ##.....
 Confuse                  Hex            #.......     10%         3    ####...
 Gell's Gravitas          Tloc           #.........   10%         3    ####...
 Petrify                  Tmut/Erth      #.......     28%         4    #####..
 Metabolic Englaciation   Hex/Ice        #.........   56%         5    ######.
 Yara's Violent Unravell  Hex/Tmut       #.........   56%         5    ######.


Dungeon Overview and Level Annotations

Branches:
Dungeon (4/15)
 Temple: D:4-7

Altars:
Trog
Wu Jian
Zin
The Shining One


Innate Abilities, Weirdness & Mutations

You are small and have problems with some larger weapons.
You are somewhat resistant to further mutation.


Message History

You kill the orc!
Your Dodging skill increases to level 3!
The orc priest invokes the aid of Beogh against you.
Beogh smites you!
* * * LOW HITPOINT WARNING * * *
It was a potion of brilliance.
You feel clever all of a sudden. The orc closely misses you.
It was a potion of agility.
You feel agile all of a sudden. The orc barely misses you.
You hit the orc but do no damage.
The orc is heavily wounded.
You hit the orc.
The orc is heavily wounded.
The orc closely misses you.
You closely miss the orc.
The orc is heavily wounded.
The orc hits you with a +0 mace.
You die...

#........###.....## #.###.#.#
#........##.......## #..##.#.#
##.†.....##.........####........
...........'..(......'.......#..#
##.##....###.........####....#..#
# ##.#.# ##.......## #.......#
#..#.# ##.....## #.......# #.##.#
##)..## ##.#.#### #.##.# ##@##
#.#.#### #.##.# #####o## #.......
.....###....o.# ###.####
#[####.#.###..# #.#
#)###.#>)##...## #.#
#.##)###.......# #.#
#.###.#..##...## #.#
#.####.#.###..##########.#
#......#.###.............#


You could see an orc priest and an orc.

Vanquished Creatures
  Jessica (D:3)
  An orc wizard (D:3)
  A hound skeleton (D:4)
  A howler monkey skeleton (D:4)
  3 adders
  An ooze (D:1)
  4 worms
  A dart slug (D:3)
  A leopard gecko (D:1)
  8 orcs
  6 bats
  A giant cockroach (D:2)
  3 goblins
  6 hobgoblins
  2 jackals (D:3)
  3 kobolds
  A ball python (D:1)
  4 frilled lizards
  9 rats
57 creatures vanquished.

Notes
Turn   | Place    | Note
-------+----------+-------------------------------------------
     0 | D:1      | Borgoz the Halfling Assassin began the quest for the Orb.
     0 | D:1      | Reached XP level 1. HP: 14/14 MP: 1/1
   227 | D:1      | Upgraded the game from 0.23-a0-650-ga4d50d4 to
                  | 0.23-a0-655-g3751e1c
   324 | D:1      | Reached XP level 2. HP: 13/19 MP: 2/2
  1080 | D:2      | Found a faded altar of an unknown god.
  1130 | D:2      | Found a glowing silver altar of Zin.
  1142 | D:2      | Reached XP level 3. HP: 24/24 MP: 3/3
  1606 | D:2      | Upgraded the game from 0.23-a0-655-g3751e1c to
                  | 0.23-a0-690-g0a1fc62
  1680 | D:2      | You fall through a shaft!
  1681 | D:3      | Reached XP level 4. HP: 30/30 MP: 4/4
  1838 | D:4      | Reached skill level 5 in Stealth
  2041 | D:2      | Reached XP level 5. HP: 26/35 MP: 5/5
  2056 | D:2      | Found a glowing golden altar of the Shining One.
  2109 | D:2      | Found a bloodstained altar of Trog.
  2131 | D:2      | Found an ornate altar of the Wu Jian Council.
  2257 | D:3      | Noticed Jessica
  2264 | D:3      | Killed Jessica
  2689 | D:3      | HP: 1/36 [orc priest/divine providence (15)]
  2694 | D:3      | Slain by an orc

Vault maps used:
D:1:      dpeg_arrival_three_same_balls, minivault_4
D:2:      lemuel_doored_altar, nicolae_overflow_hidden_temple,
          grunt_temple_overflow_open, chequers_ecumenical_altar_simple_redux,
          chequers_serial_rivers_marsh
D:3:      first_ration, uniq_crazy_yiuf_cottage, uniq_jessica, uniq_grinder
D:4:      uniq_pikel

Skill      XL: |  1  2  3  4  5 |
---------------+----------------+-----
Fighting       | 2 |  2.9
Short Blades   | 3 |  3.9
Dodging        | 2 3 |  3.0
Stealth        | 5 |  5.4
Throwing       | |  2.0

Action                   |  1- 3 |  4- 6 || total
-------------------------+-------+-------++-------
Melee: Dagger            |    92 |   119 ||   211
  Use: Scroll            |       |     5 ||     5
       Potion            |       |     2 ||     2
 Stab: Sleeping          |     7 |    10 ||    17
       Distracted        |       |     3 ||     3
  Eat: Chunk             |     2 |     4 ||     6
Armor: Robe              |    11 |    14 ||    25
Dodge: Dodged            |    61 |    61 ||   122

Table legend:
 A = Non-vault XP
 B = Vault XP
 C = Vault XP percentage of total XP
 D = Non-vault monster count
 E = Vault monster count
 F = Vault count percentage of total count
                 A         B        C        D         E       F
            +---------+---------+-------+---------+---------+-------
      Total |     219 |      37 |  14.5 |      56 |       1 |   1.8
            +---------+---------+-------+---------+---------+-------
        D:1 |      25 |       0 |   0.0 |      12 |       0 |   0.0
        D:2 |      53 |       0 |   0.0 |      14 |       0 |   0.0
        D:3 |      87 |      37 |  29.8 |      25 |       1 |   3.8
        D:4 |      54 |       0 |   0.0 |       5 |       0 |   0.0
            +---------+---------+-------+---------+---------+-------
